 Dungeon Crawl Stone Soup version 0.32-a0-913-g739538afd8 (webtiles) character file.

Game seed: 17237838352199153383

12226 uglyjohn the Skirmisher (level 11, -5/100 HPs)
             Began as a Minotaur Hunter on Apr 9, 2024.
             Was an Elder of Fedhas.
             Slain by a yak (7 damage)
             ... on level 1 of the Lair of Beasts.
             The game lasted 00:34:55 (11198 turns).

uglyjohn the Skirmisher (Minotaur Hunter)          Turns: 11198, Time: 00:34:55

Health: -5/100     AC: 17    Str: 16    XL:     11   Next: 59%
Magic:  15/15      EV:  8    Int:  6    God:    Fedhas [****..]
Gold:   353        SH:  0    Dex: 18    Spells: 10/10 levels left

rFire   . . .        b - +4 battleaxe
rCold   . . .        (shield currently unavailable)
rNeg    + . .        n - +0 chain mail
rPois   .            (helmet restricted)
rElec   .            d - +0 cloak
rCorr   .            o - +0 pair of gloves
SInv    .            r - +1 pair of boots
Will    .....        J - amulet of regeneration Stlth
                     v - ring of positive energy
HPRegen 1.16/turn    (no ring)
MPRegen 0.14/turn

%: no passive effects
@: no status effects
A: horns 2, retaliatory headbutt
a: Renounce Religion, Wall of Briars, Grow Ballistomycete, Overgrow


You were on level 1 of the Lair of Beasts.
You worshipped Fedhas.
Fedhas was greatly pleased with you.
You visited 3 branches of the dungeon, and saw 13 of its levels.
You also visited: Bailey.

You collected 585 gold pieces.
You spent 232 gold pieces at shops.

Inventory:

Hand Weapons
 a - a +0 orcbow of flaming
 b - a +4 battleaxe (weapon)
Missiles
 p - a throwing net
Armour
 c - a +0 leather armour
 d - a +0 cloak (worn)
 n - a +0 chain mail (worn)
 o - a +0 pair of gloves (worn)
 r - a +1 pair of boots (worn)
Jewellery
 q - an amulet of the acrobat
 v - a ring of positive energy (left hand)
 y - a ring of ice
 I - a ring of flight
 J - an amulet of regeneration (around neck)
 P - an amulet of reflection
Wands
 i - a wand of charming (5)
 D - a wand of flame (15)
 M - a wand of iceblast (18)
 O - a wand of mindburst (6)
 Q - a wand of polymorph (5)
Scrolls
 e - 3 scrolls of fog
 f - a scroll of enchant weapon {unknown}
 h - a scroll of immolation {unknown}
 j - 4 scrolls of vulnerability
 k - a scroll of torment {unknown}
 l - 3 scrolls of noise
 s - 2 scrolls of brand weapon
 t - a scroll of silence
 w - 3 scrolls of amnesia
 x - 5 scrolls of identify
 A - a scroll of teleportation {unknown}
 B - a scroll of acquirement {unknown}
 C - a scroll of summoning
 H - a scroll of enchant armour {unknown}
Potions
 g - a potion of lignification {unknown}
 m - 2 potions of might {unknown}
 u - a potion of magic {unknown}
 z - 2 potions of enlightenment {unknown}
 E - 4 potions of haste
 F - a potion of resistance {unknown}
 G - a potion of mutation {unknown}
 K - a potion of attraction {unknown}
 L - a potion of brilliance {unknown}
 N - a potion of ambrosia {unknown}


   Skills:
 + Level 10.2 Fighting
 * Level 14.0 Ranged Weapons
 + Level 10.5 Armour
 - Level 2.1 Dodging
 - Level 0.7 Stealth
 + Level 7.2 Invocations


You had 10 spell levels left.
You didn't know any spells.
Your spell library contained the following spells:

 Spells                   Type           Power      Damage    Failure   Level
 Apportation              Tloc           0%         N/A       98%         1
 Magic Dart               Conj           0%         1d3       98%         1
 Necrotise                Necr           0%         1d4       98%         1
 Call Imp                 Summ           0%         N/A       99%         2
 Cigotuvi's Dreadful Rot  Necr/Alch/Air  0%         N/A       99%         2
 Jinxbite                 Hex            0%         N/A       99%         2
 Searing Ray              Conj           0%         2d4       99%         2
 Sublimation of Blood     Necr           0%         N/A       99%         2
 Frozen Ramparts          Ice            0%         1d1       100%        3
 Fugue of the Fallen      Necr           0%         N/A       100%        3
 Ozocubu's Armour         Ice            0%         N/A       100%        3
 Passwall                 Erth           0%         N/A       100%        3
 Vampiric Draining        Necr           0%         2d6       100%        3
 Dispel Undead            Necr           0%         3d6       100%        4
 Fulminant Prism          Conj/Alch      0%         3d5       100%        4
 Martyr's Knell           Necr/Summ      0%         N/A       100%        4
 Alistair's Intoxication  Alch           0%         N/A       100%        5
 Curse of Agony           Necr           0%         N/A       100%        5
 Lee's Rapid Deconstruct  Erth           0%         3d4*      100%        5
 Metabolic Englaciation   Hex/Ice        0%         N/A       100%        5
 Summon Forest            Summ/Tloc      0%         N/A       100%        5
 Eringya's Noxious Bog    Alch           0%         4d6       100%        6
 Summon Hydra             Summ           0%         N/A       100%        7
 Shatter                  Erth           0%         3d5*      100%        9


Dungeon Overview and Level Annotations

Branches:
Dungeon (11/15)            Temple (1/1) D:4            Lair (1/5) D:10
 Bailey (visited)
    Orc: D:9-12

Altars:
Ashenzari
Cheibriados
Dithmenos
Elyvilon
Fedhas
Gozag
Hepliaklqana
Kikubaaqudgha
Makhleb
Nemelex Xobeh
Okawaru
Qazlal
Ru
Sif Muna
Trog
Uskayaw
Vehumet
Wu Jian
Xom
Yredelemnul
Zin
The Shining One

Shops:
D:9 :[*

Annotations:
D:11 Harold


Innate Abilities, Weirdness & Mutations

You have a pair of horns on your head.
You reflexively headbutt those who attack you in melee.


Message History

Your Ranged Weapons skill increases to level 14!
You closely miss the yak. You headbutt the yak.
The yak is heavily wounded.
You slash the yak!
You hit the yak. x2; The yak gores you but does no damage.
The yak barely misses you.
The yak gores you. x3; The yak barely misses you.
You furiously retaliate!
You headbutt the yak. The yak gores you!
* * * LOW HITPOINT WARNING * * *
The yak gores you but does no damage.
You hit the yak but do no damage.
The yak is heavily wounded.
You slash the yak! You barely miss the yak. You hit the yak.
The yak gores you but does no damage. The yak gores you.
* * * LOW HITPOINT WARNING * * *
The yak gores you.
* * * LOW HITPOINT WARNING * * *
The yak gores you.
* * * LOW HITPOINT WARNING * * *
The yak gores you but does no damage. x2; The yak barely misses you. x2
Unknown command.
You barely miss the yak.
The yak is heavily wounded.
You slash the yak! You completely miss the yak. You slash the yak!
You kill the yak!
Fedhas appreciates your contribution to the ecosystem.
The yak gores you.
* * * LOW HITPOINT WARNING * * *
The yak gores you but does no damage. The yak completely misses you.
Unknown command.
You slash the yak!
The yak is almost dead.
You hit the yak. You slash the yak!
You kill the yak!
Fedhas appreciates your contribution to the ecosystem.
The yak gores you.
* * * LOW HITPOINT WARNING * * *
The yak gores you!
* * * LOW HITPOINT WARNING * * *
The yak gores you!
You die...
Fedhas appreciates your contribution to the ecosystem.

# #
##.#########.#
##.............
#......YY......
#.....@†......
#.###.†.......
#.........
#......$..
..........
##.........
#.........
..........


You could see 2 yaks.

Vanquished Creatures
  Josephine (D:10)
  A two-headed ogre (D:9)
  3 orc knights (Bailey)
  A gargoyle (D:11)
  2 trolls
  2 hornets
  2 shadows
  5 wraiths
  9 yaks
  2 wyverns (D:8)
  2 steam dragons
  Edmund (D:4)
  2 water moccasins
  2 acid dragons
  14 orc warriors
  2 ice beasts
  2 sky beasts (D:7)
  An ogre (D:5)
  4 centaurs
  A phantom (D:6)
  A scorpion (D:6)
  2 bullfrogs
  13 wights
  3 killer bees (D:10)
  3 howler monkeys
  3 electric eels (D:7)
  3 bombardier beetles (D:5)
  5 hounds
  4 orc priests
  A gnoll bouda (D:6)
  3 jellies (D:5)
  Crazy Yiuf (D:4)
  Natasha (twice) (D:3)
  3 iguanas
  9 orc wizards
  Terence (D:2)
  Robin (D:4)
  26 gnolls
  7 adders
  A shadow imp (D:6)
  3 white imps
  2 dart slugs (D:1)
  3 ribbon worms
  38 orcs
  5 ball pythons
  4 bats
  4 endoplasms
  2 giant cockroaches
  22 goblins
  15 hobgoblins
  2 jackals (D:4)
  2 quokkas
  4 frilled lizards
  13 kobolds
  4 rats
274 creatures vanquished.

Vanquished Creatures (collateral kills)
  A two-headed ogre (D:10)
  An orc (D:10)
  A hobgoblin (Bailey)
  4 ballistomycete spores (D:9)
7 creatures vanquished.

Vanquished Creatures (others)
  An electric eel (D:7)
  A bombardier beetle (D:7)
  An orc priest (D:7)
  A sleepcap (D:5)
  2 orcs
6 creatures vanquished.

Grand Total: 287 creatures vanquished

Notes
Turn   | Place    | Note
-------+----------+-------------------------------------------
     0 | D:1      | uglyjohn the Minotaur Hunter began the quest for the Orb.
     0 | D:1      | Reached XP level 1. HP: 18/18 MP: 0/0
   188 | D:1      | Reached XP level 2. HP: 25/25 MP: 1/1
   235 | D:1      | Reached skill level 5 in Ranged Weapons
   755 | D:2      | Reached XP level 3. HP: 21/30 MP: 2/2
  1288 | D:2      | Reached skill level 6 in Ranged Weapons
  1379 | D:2      | Reached skill level 1 in Armour
  1393 | D:2      | Reached XP level 4. HP: 37/37 MP: 3/3
  1598 | D:2      | Found a faded altar of an unknown god.
  1967 | D:2      | Noticed Terence
  1977 | D:2      | Killed Terence
  2189 | D:3      | Reached XP level 5. HP: 33/42 MP: 4/4
  2224 | D:3      | Noticed Natasha
  2229 | D:3      | Killed Natasha
  2273 | D:3      | Noticed Natasha
  2283 | D:3      | Killed Natasha
  2756 | D:3      | Reached XP level 6. HP: 51/51 MP: 5/5
  3282 | D:4      | Noticed Robin
  3318 | D:4      | Killed Robin
  3319 | D:4      | Reached skill level 7 in Ranged Weapons
  3436 | D:4      | Found a runed translucent door.
  3437 | D:4      | Noticed Crazy Yiuf
  3472 | D:4      | Identified the +7 spear "Echohu" {speed, rN+ Will+ SInv}
  3476 | D:4      | Noticed Edmund
  3494 | D:4      | Killed Edmund
  3751 | D:4      | Found a staircase to the Ecumenical Temple.
  3790 | Temple   | Entered the Ecumenical Temple
  3809 | Temple   | Became a worshipper of Fedhas Madash
  3931 | D:4      | Reached XP level 7. HP: 59/59 MP: 6/6
  3953 | D:4      | Got Sif Muna's Notes on Morbid Breccia
  4064 | D:4      | Killed Crazy Yiuf
  4129 | D:5      | Entered Level 5 of the Dungeon
  4328 | D:5      | Reached skill level 5 in Armour
  4370 | D:5      | Found a bloodstained altar of Trog.
  4510 | D:5      | Reached skill level 8 in Ranged Weapons
  4590 | D:5      | Found a broken altar of Ashenzari.
  4631 | D:5      | Reached * piety under Fedhas
  4768 | D:5      | Reached skill level 5 in Fighting
  5093 | D:5      | Reached XP level 8. HP: 51/68 MP: 7/7
  5289 | D:6      | Reached skill level 1 in Invocations
  5294 | D:6      | Reached skill level 9 in Ranged Weapons
  6276 | D:7      | Reached ** piety under Fedhas
  6313 | D:7      | Reached skill level 10 in Ranged Weapons
  6313 | D:7      | Reached XP level 9. HP: 78/78 MP: 10/10
  7637 | D:8      | Found a flagged portal.
  7646 | Bailey   | Entered a bailey
  7860 | Bailey   | Noticed an orc knight
  7883 | Bailey   | HP: 2/79 [orc knight/+0 war axe (10)]
  7919 | Bailey   | Killed an orc knight
  7920 | Bailey   | Reached skill level 11 in Ranged Weapons
  8093 | Bailey   | Noticed an orc knight
  8233 | Bailey   | Killed an orc knight
  8234 | Bailey   | Reached XP level 10. HP: 23/88 MP: 12/12
  8459 | Bailey   | Reached *** piety under Fedhas
  8460 | Bailey   | Reached skill level 5 in Invocations
  8513 | Bailey   | Noticed an orc knight
  8515 | Bailey   | Identified the ring of Aryhepn {Fly rPois Dex+2 SInv}
  8521 | Bailey   | Noticed an orc warlord
  8526 | Bailey   | Killed an orc knight
  8600 | D:8      | HP: 3/89 [orc warrior/+0 war axe (3)]
  8602 | D:8      | Reached skill level 12 in Ranged Weapons
  9351 | D:9      | Noticed a two-headed ogre
  9362 | D:9      | Killed a two-headed ogre
  9445 | D:9      | Found Vitzit's General Store.
  9449 | D:9      | Bought a potion of curing for 48 gold pieces
  9449 | D:9      | Bought a +1 pair of boots for 184 gold pieces
  9679 | D:9      | Reached **** piety under Fedhas
  9748 | D:9      | Found Tevvej's Book Shoppe.
  9829 | D:9      | Found Vaanoxku's Antique Armour Shop.
  9964 | D:10     | Entered Level 10 of the Dungeon
 10021 | D:10     | Found a staircase to the Lair.
 10156 | D:10     | Reached skill level 13 in Ranged Weapons
 10156 | D:10     | Reached XP level 11. HP: 97/97 MP: 14/14
 10172 | D:10     | Paralysed by a hornet for 3 turns
 10180 | D:10     | Paralysed by a hornet for 3 turns
 10186 | D:10     | HP: 4/97 [yak (1)]
 10664 | D:11     | Noticed Josephine
 10783 | D:11     | Reached skill level 10 in Armour
 10807 | D:10     | Killed Josephine
 10919 | D:11     | Noticed a two-headed ogre
 10934 | D:10     | Killed a two-headed ogre
 10935 | D:10     | Reached skill level 10 in Fighting
 11073 | D:11     | Noticed Harold
 11144 | D:11     | Noticed a two-headed ogre
 11144 | D:11     | Noticed a two-headed ogre
 11144 | D:11     | Noticed an ogre mage
 11186 | Lair:1   | Entered Level 1 of the Lair of Beasts
 11195 | Lair:1   | Reached skill level 14 in Ranged Weapons
 11198 | Lair:1   | HP: 2/100 [yak (13)]
 11198 | Lair:1   | Slain by a yak

Illustrated notes

Levels and vault maps discovered:
D:1:      dpeg_arrival_simpleton_a, layout_loops_ring, serial_forest,
          infiniplex_forest_straight_4, infiniplex_forest_lined_corner,
          infiniplex_forest_lined_4_way, infiniplex_forest_clump_curved,
          infiniplex_forest_end_2, infiniplex_forest_lined_2,
          infiniplex_forest_lined_3
D:2:      layout_basic, dreamdust_ecumenical_altar_sealed_demon, uniq_terence
D:3:      layout_basic, uniq_natasha
D:4:      layout_basic, temple_doors_e, uniq_crazy_yiuf_cottage, uniq_edmund,
          uniq_robin
D:5:      wander_river, layout_loops_ring, amcnicky_altar_gilded,
          kennysheep_mini_moat
D:6:      layout_rooms
D:7:      layout_basic, serial_bayou, serial_bayou_shore_a, serial_bayou_ford_a,
          serial_bayou_pond_b, serial_bayou_lagoon_b, serial_bayou_crossing,
          serial_bayou_lake_a, amcnicky_mini_corridor_feature, hex_tiny,
          minmay_hedge_maze
D:8:      layout_cave_pools, enter_bailey_2
D:9:      layout_cave_pools, serial_gnoll_camp, gnoll_camp_mini_shop,
          gnoll_camp_mini_shop, gnoll_camp_mini_loothouse, gnoll_camp_mini_hut,
          gnoll_camp_mini_hut, gnoll_camp_mini_shop
D:10:     layout_cave_pools, lair_entry_dummy, hex_large,
          kennysheep_generic_room_14
D:11:     layout_rooms, orc_david_3, serial_aquarium,
          aquarium_bridge_island_small [aquarium_subvault_small_open,
          aquarium_subvault_window, aquarium_subvault_bridge,
          aquarium_subvault_wall, aquarium_subvault_bridge],
          aquarium_bridge_long_separate [aquarium_subvault_balcony,
          aquarium_subvault_bridge, aquarium_subvault_window,
          aquarium_subvault_wall, aquarium_subvault_bridge,
          aquarium_subvault_bridge], aquarium_window_corridor_3,
          aquarium_window_fake, aquarium_view_2c, aquarium_pool_1, uniq_harold,
          uniq_josephine
Temple:   nicolae_temple_slightly_damp_pantheon
Lair:1:   layout_small_grid, gauntlet_entry_generic, infiniplex_staircase_pool_2

Skill      XL: |  1  2  3  4  5  6  7  8  9 10 11 |
---------------+----------------------------------+-----
Ranged Weapons | 5 6 7 8 10 11 13 14 | 14.0
Armour         | 1 3 4 5 7 8 9 10 | 10.5
Fighting       | 3 4 5 6 8 9 10 | 10.2
Invocations    | 3 4 6 7 |  7.2
Dodging        | |  2.1
Stealth        | |  0.7

Action                     |  1- 3 |  4- 6 |  7- 9 | 10-12 || total
---------------------------+-------+-------+-------+-------++-------
  Melee: Spear             |       |    22 |    17 |       ||    39
         Headbutt          |       |     2 |     3 |     3 ||     8
         Orcbow            |       |       |     2 |     1 ||     3
         Battleaxe         |       |       |       |    10 ||    10
   Fire: Shortbow          |   110 |   181 |    43 |       ||   334
         Orcbow            |       |       |   342 |   318 ||   660
 Invoke: Wall of Briars    |       |       |     2 |     1 ||     3
         Grow Ballistomyce |       |       |       |     1 ||     1
  Evoke: Wand              |       |       |       |     1 ||     1
    Use: Scroll            |       |       |    13 |     4 ||    17
         Potion            |       |       |     1 |     5 ||     6
 Armour: Leather armour    |    32 |       |       |       ||    32
         Chain mail        |     9 |   171 |   197 |   320 ||   697
  Dodge: Dodged            |    19 |    60 |    73 |   134 ||   286

Table legend: (Time is in decaauts)
 A = Elapsed time spent in this place.
 B = Non-inter-level travel time spent in this place.
 C = Inter-level travel time spent in this place.
 D = Time resting spent in this place.
 E = Time spent auto-exploring this place.
 F = Levels seen in this place.
 G = Mean time per level.
                   A        B        C        D        E       F      G
               +--------+--------+--------+--------+--------+-----+--------+
         Total |  11686 |  11218 |    468 |   2785 |   5991 |  14 |  834.7 |
       Dungeon |  10635 |  10167 |    468 |   2245 |   5927 |  11 |  966.8 |
        Temple |     42 |     42 |      0 |      0 |      0 |   1 |   42.0 |
          Lair |     17 |     17 |      0 |      0 |      0 |   1 |   17.0 |
        Bailey |    990 |    990 |      0 |    540 |     64 |   1 |  990.0 |
               +--------+--------+--------+--------+--------+-----+--------+

Top non-repeatable levels by time:
     D:7: 1748 daAuts
     D:2: 1384 daAuts
     D:5: 1282 daAuts
    D:10: 1239 daAuts
     D:4: 1042 daAuts
     D:3: 1028 daAuts
  Bailey: 990 daAuts
     D:8: 777 daAuts
     D:1: 742 daAuts
     D:6: 666 daAuts
     D:9: 629 daAuts
    D:11: 94 daAuts
  Temple: 42 daAuts
  Lair:1: 17 daAuts
